 Dungeon Crawl Stone Soup version 0.19.1-1-g22dce08 (webtiles) character file.

21 Gargoyl the Skirmisher (level 2, -1/27 HPs)
             Began as a Ghoul Abyssal Knight on Jan 6, 2017.
             Was a Follower of Lugonu.
             Slain by a worm (7 damage)
             ... on level 2 of the Dungeon.
             The game lasted 00:01:49 (984 turns).

Gargoyl the Skirmisher (Ghoul Abyssal Knight)        Turns: 984, Time: 00:01:50

Health: -1/27      AC:  8    Str: 15    XL:     2   Next: 87%
Magic:  2/2        EV:  6    Int:  7    God:    Lugonu [*.....]
Gold:   122        SH:  0    Dex:  8    Spells: 0 memorised, 1 level left

rFire  . . .     SeeInvis .     a - +1 hand axe
rCold  + . .     Gourm    .     h - +0 chain mail
rNeg   + + +     Faith    .     (no shield)
rPois  ∞         Spirit   .     (no helmet)
rElec  .         Reflect  .     (no cloak)
rCorr  .         Harm     .     (no gloves)
MR     +....                    (no boots)
Stlth  ..........               (no amulet)
                                (no ring)
                                f - ring of protection from magic

@: rotting
A: rotting body, claws 1, carnivore 3, cold resistance 1, negative energy
resistance 3, slow regeneration 1, torment resistance, unbreathing
a: Depart the Abyss, Renounce Religion


You were on level 2 of the Dungeon.
You worshipped Lugonu.
Lugonu was aware of your devotion.
You were not hungry.

You visited 1 branch of the dungeon, and saw 2 of its levels.
You visited the Abyss 1 time.

You collected 122 gold pieces.

Inventory:

Hand Weapons
 a - a +1 hand axe (weapon)
Armour
 h - a +0 chain mail (worn)
Jewellery
 f - a ring of protection from magic (left claw)
 n - an uncursed amulet of faith {unknown}
Scrolls
 b - a scroll of teleportation {unknown}
 d - 2 scrolls of identify
 e - 3 scrolls of remove curse
 g - a scroll of blinking {unknown}
 i - a scroll of noise {unknown}
 m - a scroll of immolation {unknown}
 o - a scroll of random uselessness {unknown}
Potions
 j - 2 potions of curing {unknown}
 l - a potion of degeneration {unknown}
Comestibles
 c - 2 meat rations
 k - 3 chunks of flesh
 p - a beef jerky


   Skills:
 + Level 3.7 Fighting
 + Level 2.0 Axes
 * Level 2.2 Armour
 + Level 0.8 Dodging
 * Level 2.0 Invocations


You had one spell level left.
You didn't know any spells.

Dungeon Overview and Level Annotations

Branches:
Dungeon (2/15)

Altars:


Innate Abilities, Weirdness & Mutations

Your body is rotting away.
You thrive on raw meat.
You are immune to poison.
You have sharp fingernails.
You are carnivorous and can eat meat at any time.
Your flesh is cold resistant. (rC+)
You are immune to negative energy. (rN+++)
You regenerate slowly when monsters are visible.
You are immune to unholy pain and torment.
You can survive without breathing.


Message History

The worm is heavily wounded.
The worm bites you but does no damage.
Your chain mail prevents you from hitting the worm.
The worm is heavily wounded.
You hit the worm.
The worm is almost dead.
The worm bites you but does no damage.
You hit the worm but do no damage.
The worm is severely wounded.
The worm bites you.
You hit the worm.
The worm is severely wounded.
The worm bites you!
* * * LOW HITPOINT WARNING * * *
You hit the worm.
The worm is almost dead.
You hit the worm but do no damage.
The worm is almost dead.
The worm bites you!
You die...

#.###................
#...#...#..........#.
#.......#............
#.#<#.#.#....#####.#.
#.#.#.#....# #.#. #
#.#...#...<# #.#)
##.#.#.#.#....#####...
#......#####..##......
#...w@........##.#....
#......###...<...#....
#......######.#>##....
##..........#.#.......
##########.#.........
#.................
#.###.#.#.#....... #.#
#.#.#.#.##.### #.#
#.......##.#


You could see a worm.

Vanquished Creatures
  A worm (D:2)
  3 dart slugs (D:1)
  A goblin (D:1)
  2 hobgoblins
  A ball python (D:2)
  3 bats
  A frilled lizard (D:1)
  3 rats (D:1)
15 creatures vanquished.

Notes
Turn   | Place    | Note
-------+----------+-------------------------------------------
     0 | Abyss:1  | Gargoyl the Ghoul Abyssal Knight began the quest for the Orb.
     0 | Abyss:1  | Reached XP level 1. HP: 19/19 MP: 1/1
    40 | Abyss:1  | Noticed a profane servitor
    45 | D:1      | Escaped the Abyss
   429 | D:1      | Reached * piety under Lugonu
   519 | D:1      | Reached XP level 2. HP: 24/26 MP: 2/2
   984 | D:2      | Slain by a worm

Skill      XL: |  1  2 |
---------------+-------+-----
Armour         | 2 |  2.2
Axes           | 2 |  2.0
Fighting       | |  3.7
Dodging        | |  0.8
Invocations    | |  2.0

Action                   || total
-------------------------++-------
Melee: Hand axe          ||    61
Invok: Depart the Abyss  ||     1
  Use: Scroll            ||     2
  Eat: Chunk             ||     8
Armor: Chain mail        ||    53
Dodge: Dodged            ||    17
